 Dungeon Crawl Stone Soup version 0.31-a0-986-g5e6e4ef867 (webtiles) character file.

Game seed: 202033945049699874

3084 Lobster4 the Cleaver (level 9, -2/79 HPs)
             Began as a Hill Orc Fighter on Nov 23, 2023.
             Was an Initiate of Nemelex Xobeh.
             Slain by a wyvern (13 damage)
             ... on level 7 of the Dungeon.
             The game lasted 00:20:01 (7715 turns).

Lobster4 the Cleaver (Hill Orc Fighter)             Turns: 7715, Time: 00:20:01

Health: -2/79      AC: 11    Str: 25    XL:     9   Next: 89%
Magic:  13/13      EV:  9    Int: 12    God:    Nemelex Xobeh [......]
Gold:   168        SH:  5    Dex: 12    Spells: 13/14 levels left

rFire   + . .        u - +5 hand axe of Zetta {heavy, rPois rCorr Dex+2}
rCold   + . .        c - +0 buckler
rNeg    . . .        b - +0 scale mail
rPois   +            i - +1 helmet
rElec   .            e - scarf {rC+ rF+}
rCorr   +            j - +0 pair of gloves
SInv    .            (no boots)
Will    +....        (no amulet) Stlth
                     f - +6 ring of strength
HPRegen 0.33/turn    g - ring of willpower
MPRegen 0.13/turn

%: no passive effects
@: no status effects
A: no striking features
a: Renounce Religion, Draw Escape, Draw Destruction, Draw Summoning


You were on level 7 of the Dungeon.
You worshipped Nemelex Xobeh.
Nemelex Xobeh was noncommittal.
You visited 2 branches of the dungeon, and saw 8 of its levels.

You collected 360 gold pieces.
You spent 192 gold pieces at shops.

Inventory:

Hand Weapons
 a - a +1 war axe
 u - the +5 hand axe of Zetta (weapon) {heavy, rPois rCorr Dex+2}
   (You bought it in a shop on level 4 of the Dungeon)

   Dex+2:     It affects your dexterity (+2).
   rPois:     It protects you from poison rCorr: It protects you from acid and
   corrosion.
 x - a +3 mace of venom
Missiles
 m - 5 poisoned darts (quivered)
 w - 4 boomerangs
Armour
 b - a +0 scale mail (worn)
 c - a +0 buckler (worn)
 d - a +2 robe of positive energy
 e - a scarf of resistance (worn)
 i - a +1 helmet (worn)
 j - a +0 pair of gloves (worn)
 o - a +0 ring mail
Jewellery
 f - a +6 ring of strength (left hand)
 g - a ring of willpower (right hand)
 p - a ring of wizardry
 r - a ring of resist corrosion
 A - the amulet "Jefaca" {Faith Str+4}
   (You found it on level 5 of the Dungeon)

   [amulet of faith]

   Faith:     It allows you to gain divine favour quickly.
   Str+4:     It affects your strength (+4).
Wands
 v - a wand of charming (4)
Scrolls
 k - a scroll of poison
 s - a scroll of enchant armour
 t - a scroll of enchant weapon
 y - 2 scrolls of teleportation
 z - a scroll of immolation
 B - a scroll of identify
 C - a scroll of amnesia
Potions
 h - a potion of heal wounds
 l - 3 potions of curing
 n - a potion of enlightenment
 q - 2 potions of mutation


   Skills:
 + Level 7.0 Fighting
 * Level 9.7 Axes
 - Level 1.0 Throwing
 + Level 6.3 Armour
 + Level 6.3 Shields
 - Level 3.0 Spellcasting
 - Level 3.0 Conjurations
 - Level 3.0 Fire Magic
 + Level 2.7 Invocations
 - Level 3.0 Evocations


You had 13 spell levels left.
You knew the following spells:

 Your Spells              Type           Power      Damage    Failure   Level
a - Magic Dart            Conj           36%        1d4       19%         1

Your spell library contained the following spells:

 Spells                   Type           Power      Damage    Failure   Level
 Searing Ray              Conj           18%        2d5       26%         2
 Apportation              Tloc           2%         N/A       52%         1
 Necrotise                Necr           4%         1d4       52%         1
 Summon Small Mammal      Summ           4%         N/A       52%         1
 Stone Arrow              Conj/Erth      10%        3d7       69%         3
 Ignite Poison            Fire/Tmut/Pois 4%         N/A       77%         3
 Sticky Flame             Conj/Fire      9%         2d3       87%         4
 Call Canine Familiar     Summ           1%         N/A       88%         3
 Ozocubu's Armour         Ice            1%         N/A       88%         3
 Summon Guardian Golem    Hex/Summ       1%         N/A       88%         3
 Fulminant Prism          Conj/Hex       2%         3d5       97%         4
 Animate Armour           Summ/Erth      2%         N/A       99%         4
 Summon Lightning Spire   Summ/Air       1%         N/A       99%         4
 Lee's Rapid Deconstruct  Erth           0%         3d4*      100%        5
 Ozocubu's Refrigeration  Ice            0%         4d7       100%        7
 Ignition                 Fire           4%         3d4       100%        8
 Lehudib's Crystal Spear  Conj/Erth      2%         10d2      100%        8


Dungeon Overview and Level Annotations

Branches:
Dungeon (7/15)             Temple (1/1) D:6

Altars:
Ashenzari
Cheibriados
Dithmenos
Elyvilon
Fedhas
Gozag
Hepliaklqana
Kikubaaqudgha
Makhleb
Nemelex Xobeh
Qazlal
Ru
Sif Muna
Trog
Uskayaw
Vehumet
Wu Jian
Xom
Zin
The Shining One

Shops:
D:4 *

Annotations:
D:5 3 runed translucent doors, PowderKeg's ghost, novice FeSh
D:6 Grinder
D:7 1 runed translucent door, osoart's ghost, novice SpVM


Message History

You kill the ogre!
You start resting.
Your magical contamination has completely faded away.
You start resting.
Magic restored.
You start resting.
An orc comes into view. It is wielding a +0 hand axe.
You start resting.
A wyvern comes into view.
The wyvern hisses angrily.
The wyvern hisses menacingly.
There is a stone staircase leading up, spattered with blood here.
You closely miss the wyvern.
The wyvern bites you but does no damage.
The wyvern bites you!
You barely miss the wyvern.
The wyvern bites you but does no damage.
You block the wyvern's attack.
You barely miss the wyvern. You block the wyvern's attack.
You hit the wyvern.
The wyvern is lightly wounded.
You block the wyvern's attack.
The wyvern bites you but does no damage.
You closely miss the wyvern.
The wyvern is lightly wounded.
You block the wyvern's attack. x2
You barely miss the wyvern.
The wyvern is lightly wounded.
The wyvern bites you. The wyvern bites you!
You hit the wyvern.
The wyvern is lightly wounded.
The wyvern bites you!
* * * LOW HITPOINT WARNING * * *
The wyvern bites you but does no damage.
You slash the wyvern!
The wyvern is heavily wounded.
The wyvern bites you!
* * * LOW HITPOINT WARNING * * *
The wyvern bites you!
You die...
Your body disappears without a glow.

# ###...###.........<....#+# ♣
####....###..............##.# ##
##....##.###.............##...
.###..#.###................##....
.PPP[PPPPPPPPP.............#W.?♣!
.P...P.P.....P.............##..?.
.P.PPP.PPP.P.P#.............##...
.......P...P....l.....#......##⌠#
)PPP.PPPPP.P.P.#@####<#####...###
.P.....P...P.P##..# #.# ##.....
.####.#### ...## #..............
##.######## ###............


You could see a wyvern.

Vanquished Creatures
  Prince Ribbit (D:6)
  Sigmund (D:3)
  3 yaks (D:3)
  A vampire (D:6)
  3 black bears
  An ice beast (D:7)
  3 ogres
  2 phantoms
  A bullfrog (D:7)
  2 scorpions
  3 wights (D:6)
  3 hounds
  3 orc priests
  A gnoll bouda (D:4)
  6 jellies
  2 sleepcaps (D:6)
  3 orc wizards (D:4)
  Natasha (thrice) (D:3)
  An iguana (D:6)
  Robin (D:3)
  9 adders
  5 gnolls (D:4)
  A shadow imp (D:6)
  2 white imps
  2 ufetubi (D:5)
  4 worms
  2 dart slugs
  13 orcs
  6 bats
  9 endoplasms
  6 giant cockroaches
  16 goblins
  16 hobgoblins
  4 jackals (D:2)
  6 kobolds
  5 quokkas
  5 ball pythons
  3 frilled lizards
  6 rats
164 creatures vanquished.

Vanquished Creatures (collateral kills)
  A yak (D:4)
1 creature vanquished.

Grand Total: 165 creatures vanquished

Notes
Turn   | Place    | Note
-------+----------+-------------------------------------------
     0 | D:1      | Lobster4 the Hill Orc Fighter began the quest for the Orb.
     0 | D:1      | Reached XP level 1. HP: 19/19 MP: 1/1
   140 | D:1      | Reached skill level 3 in Axes
   171 | D:1      | Reached XP level 2. HP: 27/27 MP: 2/2
   518 | D:2      | Reached XP level 3. HP: 30/33 MP: 3/3
   885 | D:2      | Reached XP level 4. HP: 36/40 MP: 4/4
  1025 | D:2      | Reached skill level 4 in Axes
  1392 | D:3      | Noticed Sigmund
  1399 | D:3      | Killed Sigmund
  1400 | D:3      | Reached skill level 5 in Axes
  1400 | D:3      | Reached skill level 1 in Spellcasting
  1400 | D:3      | Reached skill level 1 in Conjurations
  1400 | D:3      | Reached skill level 1 in Fire Magic
  1400 | D:3      | Reached XP level 5. HP: 32/47 MP: 4/6
  1400 | D:3      | Reached XP level 6. HP: 36/53 MP: 4/7
  1536 | D:3      | Noticed Robin
  1733 | D:3      | Killed Robin
  2102 | D:3      | Noticed Natasha
  2110 | D:3      | Killed Natasha
  2706 | D:3      | Noticed Natasha
  2713 | D:3      | Killed Natasha
  2859 | D:3      | Noticed Natasha
  2868 | D:3      | Killed Natasha
  3163 | D:4      | Reached XP level 7. HP: 34/60 MP: 8/8
  3396 | D:4      | Noticed a yak
  3482 | D:4      | Found Mimaix's Assorted Antiques.
  3547 | D:4      | Noticed a yak
  3548 | D:4      | Noticed a yak
  3549 | D:4      | Noticed a yak
  3797 | D:4      | Reached skill level 5 in Fighting
  3873 | D:4      | Reached skill level 6 in Axes
  3964 | D:4      | Reached skill level 1 in Evocations
  4159 | D:3      | Killed a yak
  4160 | D:3      | Reached XP level 8. HP: 53/68 MP: 10/10
  4225 | D:3      | Killed a yak
  4311 | D:4      | Killed a yak
  4573 | D:5      | Entered Level 5 of the Dungeon
  4606 | D:5      | Reached skill level 7 in Axes
  4606 | D:5      | Reached skill level 5 in Armour
  4606 | D:5      | Reached skill level 5 in Shields
  4620 | D:5      | Identified the amulet "Jefaca" {Faith Str+4}
  4904 | D:5      | Found a runed translucent gate.
  4905 | D:5      | Found a runed translucent gate.
  4906 | D:5      | Noticed PowderKeg's ghost (novice FeSh)
  4922 | D:5      | Found a runed translucent gate.
  5485 | D:3      | Killed a yak
  5873 | D:6      | Reached XP level 9. HP: 71/75 MP: 12/12
  5875 | D:6      | Learned a level 1 spell: Magic Dart
  5889 | D:6      | Noticed Grinder
  5966 | D:6      | Noticed Prince Ribbit
  5979 | D:6      | Killed Prince Ribbit
  5980 | D:6      | Reached skill level 8 in Axes
  6151 | D:6      | Reached skill level 1 in Throwing
  6228 | D:6      | Found an ornate altar of the Wu Jian Council.
  6412 | D:4      | Bought a pitted hand axe for 192 gold pieces
  6412 | D:4      | Identified the +5 hand axe of Zetta {heavy, rPois rCorr
                  | Dex+2} (You bought it in a shop on level 4 of the Dungeon)
  6627 | D:6      | Found a staircase to the Ecumenical Temple.
  6634 | Temple   | Found a transporter.
  6634 | Temple   | Found a transporter.
  6634 | Temple   | Found a transporter.
  6634 | Temple   | Found a transporter.
  6634 | Temple   | Entered the Ecumenical Temple
  6649 | Temple   | Became a worshipper of Nemelex Xobeh the Trickster
  6793 | D:6      | Reached skill level 1 in Invocations
  7057 | D:6      | Reached skill level 9 in Axes
  7528 | D:7      | Found a runed translucent door.
  7528 | D:7      | Noticed osoart's ghost (novice SpVM)
  7715 | D:7      | Slain by a wyvern

Illustrated notes

Levels and vault maps discovered:
D:1:      lemuel_arrival_muddy, layout_rooms
D:2:      layout_basic, serial_bayou_ford_a, grunt_ministairs_2
D:3:      kennysheep_six_static_rooms, layout_loops_cross, uniq_sigmund,
          uniq_robin, uniq_natasha
D:4:      layout_loops_cross, serial_shops, nicolae_shop_hallway_plus
D:5:      layout_rooms, gammafunk_ghost_nasty_kobolds
D:6:      layout_gridville, amcnicky_altar_gilded, minmay_temple_entry_junction,
          nicolae_concentric_dashed_squares_wild, uniq_grinder,
          uniq_prince_ribbit1
D:7:      layout_rooms, marbit_many_paths, hellmonk_ghost_happy_afterlife,
          grunt_ministairs_8, minmay_hedge_maze
Temple:   hellmonk_temple_divided_pantheon

Skill      XL: |  1  2  3  4  5  6  7  8  9 |
---------------+----------------------------+-----
Axes           | 3 5 6 7 9 |  9.7
Fighting       | 4 5 6 7 |  7.0
Armour         | 4 5 6 |  6.3
Shields        | 4 5 6 |  6.3
Spellcasting   | 1 2 3 |  3.0
Conjurations   | 1 2 3 |  3.0
Fire Magic     | 1 2 3 |  3.0
Evocations     | 1 2 3 |  3.0
Throwing       | 1 |  1.0
Invocations    | 2 |  2.7

Action                     |  1- 3 |  4- 6 |  7- 9 || total
---------------------------+-------+-------+-------++-------
  Melee: War axe           |    99 |   129 |   218 ||   446
         Hand axe          |       |       |    58 ||    58
  Throw: Dart              |       |       |    24 ||    24
         Boomerang         |       |       |     1 ||     1
   Cast: Magic Dart        |       |       |     2 ||     2
  Evoke: Wand              |       |       |     2 ||     2
    Use: Potion            |       |     1 |     6 ||     7
         Scroll            |       |    10 |     2 ||    12
   Stab: Invisible         |       |       |     1 ||     1
 Armour: Scale mail        |    76 |    88 |   236 ||   400
         Skin              |       |       |    17 ||    17
  Dodge: Dodged            |    50 |    59 |   132 ||   241
  Block: Buckler           |    32 |    28 |    66 ||   126

Table legend: (Time is in decaauts)
 A = Elapsed time spent in this place.
 B = Non-inter-level travel time spent in this place.
 C = Inter-level travel time spent in this place.
 D = Time resting spent in this place.
 E = Time spent auto-exploring this place.
 F = Levels seen in this place.
 G = Mean time per level.
                   A        B        C        D        E       F      G
               +--------+--------+--------+--------+--------+-----+--------+
         Total |   7864 |   7194 |    670 |    682 |   4775 |   8 |  983.0 |
       Dungeon |   7827 |   7166 |    661 |    682 |   4775 |   7 | 1118.1 |
        Temple |     36 |     27 |      9 |      0 |      0 |   1 |   36.0 |
               +--------+--------+--------+--------+--------+-----+--------+

Top non-repeatable levels by time:
     D:3: 2612 daAuts
     D:4: 1459 daAuts
     D:6: 1121 daAuts
     D:5: 854 daAuts
     D:2: 836 daAuts
     D:1: 518 daAuts
     D:7: 424 daAuts
  Temple: 36 daAuts
